 Dungeon Crawl Stone Soup version 0.28.0-1-gb440e238dd (webtiles) character file.

Game seed: 3167011825157872742

2657 themarg the Cleaver (level 9, -4/121 HPs)
             Began as a Minotaur Berserker on Feb 20, 2022.
             Was an Elder of Trog.
             Killed by the air
             ... invoked by Gastronok
              (21 damage)
             ... on level 8 of the Dungeon.
             The game lasted 00:18:06 (6908 turns).

themarg the Cleaver (Minotaur Berserker)            Turns: 6908, Time: 00:18:07

Health: -4/121     AC: 10    Str: 24    XL:     9   Next: 36%
Magic:  8/8        EV: 15    Int:  9    God:    Trog [****..]
Gold:   514        SH:  0    Dex: 10    Spells: 8/8 levels left

rFire   . . .      SeeInvis .   r - +4 war axe "Weuweroq" {holy, rC+ Int+5 Dex-2}
rCold   + . .      Faith    .   (no shield)
rNeg    . . .      Spirit   .   o - +0 scale mail
rPois   .          Reflect  .   (helmet restricted)
rElec   .          Harm     .   w - +0 cloak
rCorr   +          Rampage  .   i - +0 pair of gloves
Will    ++...                   (no boots)
Stlth   ..........              (no amulet)
HPRegen 1.30/turn               d - +4 ring of evasion
MPRegen 0.11/turn               m - ring of resist corrosion

@: berserking, strong-willed, regenerating, very quick
A: horns 2, retaliatory headbutt
a: Renounce Religion, Berserk, Trog's Hand, Brothers in Arms


You were on level 8 of the Dungeon.
You worshipped Trog.
Trog was greatly pleased with you.
You visited 1 branch of the dungeon, and saw 8 of its levels.

You collected 514 gold pieces.

Inventory:

Hand Weapons
 h - a +2 hand axe of flaming
 r - the +4 war axe "Weuweroq" (weapon) {holy, rC+ Int+5 Dex-2}
   (You found it on level 4 of the Dungeon)

   It has been blessed by the Shining One to cause great damage to the undead
   and demons.
   Int:       It affects your intelligence (+5).
   Dex:       It affects your dexterity (-2).
   rC:        It protects you from cold.
Missiles
 e - 3 curare-tipped darts
 f - 198 stones (quivered)
Armour
 i - a +0 pair of gloves (worn)
 o - a +0 scale mail (worn)
 w - a +0 cloak (worn)
Jewellery
 d - a +4 ring of evasion (left hand)
 m - a ring of resist corrosion (right hand)
Wands
 a - a wand of flame (55)
 v - a wand of paralysis (10)
Scrolls
 b - a scroll of acquirement {unknown}
 c - a scroll of blinking {unknown}
 k - 2 scrolls of noise {unknown}
 l - 2 scrolls of immolation
 q - a scroll of fear {unknown}
 u - 2 scrolls of teleportation
 y - a scroll of amnesia {unknown}
 z - a scroll of fog {unknown}
 A - a scroll of summoning {unknown}
 B - a scroll of silence {unknown}
Potions
 g - a potion of lignification
 j - 2 potions of cancellation
 n - 2 potions of brilliance
 p - 2 potions of haste
 s - a potion of curing
 t - 3 potions of heal wounds
 x - a potion of degeneration {unknown}


   Skills:
 + Level 8.1 Fighting
 + Level 11.2 Axes
 + Level 6.9 Armour
 + Level 4.3 Dodging
 + Level 2.2 Stealth


You had 8 spell levels left.
You didn't know any spells.
Your spell library was empty.

Dungeon Overview and Level Annotations

Branches:
Dungeon (8/15)             Temple (0/1) D:5
   Lair: D:8-11

Altars:
Kikubaaqudgha
Nemelex Xobeh

Annotations:
D:2 exclusion: downstairs
D:8 Gastronok


Innate Abilities, Weirdness & Mutations

You have a pair of horns on your head.
You reflexively headbutt those who attack you in melee.


Message History

You completely miss the orc warrior. You headbutt the orc warrior.
You kill the orc warrior!
Trog accepts your kill.
You start resting.
An orc comes into view. It is wielding a +0 falchion.
The orc shouts!
You slash the orc!
You kill the orc!
Trog accepts your kill.
Items here: )) [[.
There is a stone staircase leading up here.
You start resting.
Gastronok the Ponderous comes into view.
He is wearing a +1 hat of see invisible.
Press: ? - help, . - travel You can't see that place.
Gastronok gurgles horribly!
There is an escape hatch in the ceiling here.
Okay, then.
Your skin crawls.
You feel strong-willed.
Gastronok waves his eye-stalks in wide circles.
The air twists around and strikes you!!
You see here 9 stones.
Gastronok gurgles, "You're how I like my food.
Fast!"
Gastronok's eyestalks quiver as he mumbles some strange words.
Gastronok puts on a burst of speed!
Gastronok waves his eye-stalks in wide circles.
The air twists around and strikes you!!
You hit Gastronok.
Gastronok is lightly wounded.
Gastronok waves his eye-stalks in wide circles.
The air twists around and strikes you!!!
* * * LOW HITPOINT WARNING * * *
You slash Gastronok!
Gastronok is lightly wounded.
A red film seems to cover your vision as you go berserk!
You feel yourself moving faster!
You feel mighty!
Gastronok waves his eye-stalks in wide circles.
The air twists around and strikes you!!
You die...

##. ... ... #.#
#.# #####.#
.##...w.#####.#
.......@$......
..#...........#
#.....####...
#............
..###.#(####.##
.......<####.#
.......<)..).#
.####.#))###.#
#.##)# #


You could see Gastronok (swift).

Vanquished Creatures
  Sigmund (D:2)
  Eustachio (D:5)
  Menkaure (D:7)
  A steam dragon (D:5)
  An ice beast (D:5)
  A black bear (D:7)
  A necrophage (D:3)
  An orc warrior (D:8)
  A sky beast (D:5)
  An ogre (D:6)
  A phantom (D:4)
  4 bullfrogs
  A wyvern zombie (D:7)
  A scorpion (D:6)
  2 howler monkeys (D:7)
  A bullfrog zombie (D:6)
  A centaur zombie (D:6)
  6 hounds
  2 jellies (D:6)
  2 orc priests
  Crazy Yiuf (D:2)
  2 bullfrog skeletons
  An iguana (D:5)
  Ijyb (D:3)
  Natasha (thrice) (D:4)
  5 orc wizards
  Terence (D:2)
  2 killer bee zombies
  A hound skeleton (D:4)
  6 gnolls
  A howler monkey skeleton (D:7)
  A river rat (D:4)
  8 adders
  A shadow imp (D:7)
  2 white imps
  An ufetubus (D:5)
  An adder skeleton (D:4)
  3 worms (D:4)
  A dart slug (D:2)
  24 orcs
  4 bats
  8 endoplasms
  3 giant cockroaches
  6 goblins
  3 hobgoblins
  10 kobolds
  A quokka (D:4)
  5 ball pythons
  5 frilled lizards
  A jackal skeleton (D:4)
  3 rats
146 creatures vanquished.

Vanquished Creatures (others)
  9 plants (D:3)
  5 toadstools (D:1)
14 creatures vanquished.

Grand Total: 160 creatures vanquished

Notes
Turn   | Place    | Note
-------+----------+-------------------------------------------
     0 | D:1      | themarg the Minotaur Berserker began the quest for the Orb.
     0 | D:1      | Reached XP level 1. HP: 19/19 MP: 0/0
   624 | D:1      | Reached XP level 2. HP: 24/27 MP: 1/1
   711 | D:1      | Reached skill level 4 in Axes
  1153 | D:2      | Noticed Sigmund
  1155 | D:2      | Noticed Terence
  1160 | D:2      | Killed Sigmund
  1161 | D:2      | Reached skill level 5 in Fighting
  1161 | D:2      | Reached skill level 5 in Axes
  1161 | D:2      | Reached XP level 3. HP: 36/36 MP: 2/2
  1161 | D:2      | Reached XP level 4. HP: 42/42 MP: 3/3
  1161 | D:2      | Reached XP level 5. HP: 48/48 MP: 4/4
  1163 | D:2      | Killed Terence
  1183 | D:2      | Reached ** piety under Trog
  1313 | D:2      | Found a faded altar of an unknown god.
  1385 | D:2      | Found an ancient bone altar of Kikubaaqudgha.
  1760 | D:2      | Found a runed translucent door.
  1761 | D:2      | Noticed Crazy Yiuf
  1768 | D:2      | Killed Crazy Yiuf
  1769 | D:2      | Reached skill level 6 in Axes
  1816 | D:3      | Noticed Ijyb
  1841 | D:3      | Noticed a necrophage
  1847 | D:3      | Killed a necrophage
  1848 | D:3      | Reached XP level 6. HP: 56/56 MP: 5/5
  1918 | D:3      | Killed Ijyb
  2494 | D:4      | Noticed Natasha
  2500 | D:4      | Killed Natasha
  2557 | D:4      | Reached skill level 7 in Axes
  2557 | D:4      | Reached XP level 7. HP: 62/62 MP: 6/6
  2562 | D:4      | Noticed Natasha
  2573 | D:4      | Killed Natasha
  2704 | D:4      | Identified the +4 war axe "Weuweroq" {holy, rC+ Int+5
                  | Dex-2}
  2723 | D:4      | Reached skill level 1 in Stealth
  2858 | D:4      | You fall into a shaft and drop 1 floor!
  2858 | D:5      | Entered Level 5 of the Dungeon
  2858 | D:5      | Noticed a steam dragon
  2864 | D:5      | Killed a steam dragon
  2962 | D:4      | Noticed Natasha
  2967 | D:4      | Killed Natasha
  2967 | D:4      | Reached *** piety under Trog
  3291 | D:4      | Reached skill level 8 in Axes
  3664 | D:5      | Noticed Eustachio
  3673 | D:5      | Killed Eustachio
  3674 | D:5      | Reached XP level 8. HP: 71/71 MP: 7/7
  3967 | D:5      | Reached skill level 9 in Axes
  4132 | D:5      | Found a staircase to the Ecumenical Temple.
  4609 | D:6      | Reached skill level 5 in Armour
  4888 | D:6      | Reached skill level 10 in Axes
  5455 | D:6      | Found a sparkling altar of Nemelex Xobeh.
  5723 | D:7      | Reached XP level 9. HP: 80/80 MP: 8/8
  5725 | D:7      | Reached **** piety under Trog
  6109 | D:7      | Noticed Menkaure
  6114 | D:7      | Killed Menkaure
  6115 | D:7      | Reached skill level 11 in Axes
  6898 | D:8      | Noticed Gastronok
  6908 | D:8      | Killed from afar by Gastronok

Illustrated notes

Levels and vault maps discovered:
D:1:      lemuel_arrival_river_ford, layout_basic, minmay_misc_feat_diagonals,
          minmay_gold_behind_fungi
D:2:      layout_loops_ring, basic_altar, nicolae_ecumenical_snake_handling,
          uniq_sigmund, uniq_terence, uniq_crazy_yiuf_cottage
D:3:      layout_rooms, serial_bayou_lagoon_b, uniq_ijyb
D:4:      layout_basic, gup_sewer_entry_spiral, uniq_natasha
D:5:      cheibrodos_iron_armory, layout_loops_corners,
          minmay_temple_entry_fiery, uniq_eustachio
D:6:      layout_basic, nemelex_diamond_rough_becter, hangedman_decor_opposing
D:7:      layout_loops_ring, minivault_26, uniq_menkaure
D:8:      minmay_chambers_of_sixes, layout_loops_ring,
          nicolae_straight_to_the_point, uniq_gastronok

Skill      XL: |  1  2  3  4  5  6  7  8  9 |
---------------+----------------------------+-----
Fighting       | 4 5 6 7 8 |  8.1
Axes           | 5 6 7 8 10 11 | 11.2
Dodging        | 3 4 |  4.3
Armour         | 3 4 5 6 |  6.9
Stealth        | 1 2 |  2.2

Action                   |  1- 3 |  4- 6 |  7- 9 || total
-------------------------+-------+-------+-------++-------
Melee: Hand axe          |    27 |    74 |    11 ||   112
       Headbutt          |     5 |    13 |    32 ||    50
       Punch             |     1 |     3 |       ||     4
       War axe           |       |       |   176 ||   176
Invok: Berserk           |       |     4 |    10 ||    14
       Trog's Hand       |       |       |     1 ||     1
  Use: Scroll            |       |     2 |     6 ||     8
Armor: Animal skin       |     3 |     2 |       ||     5
       Scale mail        |       |     6 |    48 ||    54
Dodge: Dodged            |    24 |    52 |    97 ||   173
